 Dungeon Crawl Stone Soup version 0.23.2-1-ga50397a (webtiles) character file.

Game seed: 1065070220189036468

86 funkygono the Firebug (level 4, 0/31 HPs)
             Began as a Demonspawn Fire Elementalist on May 5, 2019.
             Slain by a ball python (1 damage)
             ... on level 2 of the Dungeon on May 7, 2019.
             The game lasted 00:05:25 (1370 turns).

funkygono the Firebug (DsFE)                        Turns: 1370, Time: 00:05:25

Health: 0/31       AC:  3    Str: 10    XL:     4   Next: 27%
Magic:  0/7        EV:  9    Int: 16    God:
Gold:   22         SH:  0    Dex: 13    Spells: 2/8 levels left

rFire    . . .     SeeInvis .   k - +0 club
rCold    + . .     Gourm    .   (no shield)
rNeg     . . .     Faith    .   d - +0 leather armour
rPois    .         Spirit   .   (no helmet)
rElec    .         Reflect  .   (no cloak)
rCorr    .         Harm     .   (no gloves)
MR       .....                  (no boots)
Stlth    ++........             (no amulet)
HPRegen  0.10/turn              (no ring)
MPRegen  0.10/turn              (no ring)

@: very slightly contaminated, constricted, invisible
A: cold resistance 1
a: no special abilities


You were on level 2 of the Dungeon.
You were not hungry.

You visited 1 branch of the dungeon, and saw 2 of its levels.

You collected 22 gold pieces.

Inventory:

Hand Weapons
 k - a +0 club (weapon)
Missiles
 g - 58 stones (quivered)
Armour
 a - a +0 robe
 d - a +0 leather armour (worn)
Potions
 i - a potion of curing
Comestibles
 c - 2 rations
 h - 2 chunks of flesh


   Skills:
 + Level 0.4 Fighting
 + Level 0.1 Maces & Flails
 + Level 1.7 Armour
 + Level 1.9 Dodging
 + Level 2.0 Stealth
 + Level 2.5 Spellcasting
 + Level 1.4 Conjurations
 + Level 3.3 Fire Magic


You had 2 spell levels left.
You knew the following spells:

 Your Spells              Type           Power        Failure   Level  Hunger
a - Flame Tongue          Conj/Fire      #....        10%         1    #......
b - Throw Flame           Conj/Fire      #.....       14%         2    ##.....
c - Conjure Flame         Conj/Fire      #.......     28%         3    ###....

Your spell library contained the following spells:

 Spells                   Type           Power        Failure   Level  Hunger
 Inner Flame              Hex/Fire       #.......     36%         3    ###....
 Sticky Flame             Conj/Fire      #.......     67%         4    #####..
 Fireball                 Conj/Fire      #.........   95%         5    ######.


Dungeon Overview and Level Annotations

Branches:
Dungeon (2/15)

Altars:


Innate Abilities, Weirdness & Mutations

Your flesh is cold resistant. (rC+)


Message History

* * * LOW HITPOINT WARNING * * *
You hit the adder.
You kill the adder!
The ball python barely misses you. The ball python grabs you.
* * * LOW HITPOINT WARNING * * *
The ball python constricts you.
Casting: Flame Tongue (safe; 10% risk of failure)
Confirm with . or Enter, or press ? or * to list all spells.
Aiming: Flame Tongue (safe; 10% risk of failure)
Press: ? - help, Shift-Dir - straight line, f - ball python
Aim: a ball python (constricting you)
The flame tongue hits the ball python.
The ball python is moderately wounded.
The ball python bites you.
* * * LOW HITPOINT WARNING * * *
The ball python constricts you.
It was a potion of invisibility.
You fade into invisibility!
The ball python closely misses you.
You die...

..............#
#.............# ##.. .
.........[..... #... .
#.............# #.....#
#............# #.....#
#..##.#.####.## ###.....#
#......S......##.. .......#
#..##.#.####.###.#### #......
#.#)# #@# #.#.. #.....# . #.#
#S# #.#.# .#.....#
.#####.####.###.#.##.#.....#
#................^..........<
..#####.####.###.#.#.#..##.##
................#.....#
..........###.#.#.#####.#
#.###.####.....#.#.# #.# #
#.# #######.#.#####.#


You could see a ball python.

Vanquished Creatures
  A howler monkey (D:2)
  An adder (D:2)
  An ooze (D:1)
  A leopard gecko (D:1)
  A ball python (D:1)
  A giant cockroach (D:2)
  3 goblins (D:1)
  5 hobgoblins
  5 jackals (D:1)
  3 bats (D:1)
  2 frilled lizards (D:1)
  4 kobolds (D:1)
  5 rats (D:1)
33 creatures vanquished.

Vanquished Creatures (others)
  4 toadstools (D:1)
4 creatures vanquished.

Grand Total: 37 creatures vanquished

Notes
Turn   | Place    | Note
-------+----------+-------------------------------------------
     0 | D:1      | funkygono the Demonspawn Fire Elementalist began the quest
                  | for the Orb.
     0 | D:1      | Reached XP level 1. HP: 13/13 MP: 3/3
   111 | D:1      | Reached skill level 3 in Fire Magic
   111 | D:1      | Gained mutation: Your flesh is cold resistant. (rC+)
                  | [demonic ancestry]
   111 | D:1      | Reached XP level 2. HP: 3/19 MP: 0/5
   550 | D:1      | Learned a level 2 spell: Throw Flame
   914 | D:1      | Reached XP level 3. HP: 20/25 MP: 1/6
  1229 | D:1      | Learned a level 3 spell: Conjure Flame
  1349 | D:2      | Reached skill level 1 in Armour
  1349 | D:2      | Reached XP level 4. HP: 12/31 MP: 0/7
  1369 | D:2      | HP: 1/31 [ball python (2)]
  1370 | D:2      | Slain by a ball python

Skill      XL: |  1  2  3 |
---------------+----------+-----
Stealth        | 2 |  2.0
Fire Magic     | 3 |  3.3
Armour         | 1 |  1.7
Fighting       | |  0.4
Maces & Flails | |  0.1
Dodging        | |  1.9
Spellcasting   | |  2.5
Conjurations   | |  1.4

Action                   |  1- 3 |  4- 6 || total
-------------------------+-------+-------++-------
Melee: Unarmed           |    13 |       ||    13
       Club              |    33 |     8 ||    41
 Cast: Flame Tongue      |    40 |     2 ||    42
       Throw Flame       |    12 |       ||    12
  Use: Scroll            |     4 |       ||     4
       Potion            |       |     2 ||     2
  Eat: Chunk             |     3 |       ||     3
Armor: Robe              |     1 |       ||     1
       Leather armour    |    12 |     1 ||    13
Dodge: Dodged            |    50 |    13 ||    63
